 Dungeon Crawl Stone Soup version 0.17-a0-2122-g03d97ec (webtiles) character file.

148 brucemayne the Chopper (level 5, 0/61 HPs)
             Began as a Demonspawn Berserker on Oct 21, 2015.
             Was a Follower of Trog.
             Slain by a phantom (5 damage)
             ... on level 5 of the Dungeon.
             The game lasted 00:03:08 (768 turns).

brucemayne the Chopper (Demonspawn Berserker)        Turns: 768, Time: 00:03:09

Health: 0/61       AC:  7    Str: 23    XL:     5   Next: 8%
Magic:  5/5        EV: 14    Int:  9    God:    Trog [*.....]
Gold:   137        SH:  0    Dex: 12    Spells: 0 memorised, 4 levels left

rFire  . . .     SeeInvis .     a - +1 hand axe
rCold  . . .     Clarity  .     c - +0 ring mail
rNeg   . . .     SustAt   .     (no shield)
rPois  .         Gourm    .     (no helmet)
rElec  .         Spirit   .     (no cloak)
rCorr  .         Warding  .     (no gloves)
rMut   .         Stasis   .     (no boots)
MR     .....                    (no amulet)
Stlth  ..........               (no ring)
                                g - +3 ring of evasion

@: berserking, very quick, not resistant to hostile enchantments, extremely
unstealthy
A: claws 1, yellow scales 1, powered by pain 1
a: Berserk, Burn Spellbooks, Renounce Religion


You were on level 5 of the Dungeon.
You worshipped Trog.
Trog was aware of your devotion.
You were not hungry.

You visited 1 branch of the dungeon, and saw 5 of its levels.

You collected 137 gold pieces.

Inventory:

Hand Weapons
 a - a +1 hand axe (weapon)
Armour
 b - a +0 animal skin
 c - a +0 ring mail (worn)
 e - a +0 buckler
Jewellery
 g - a +3 ring of evasion (left claw)
 h - an uncursed ring of flight
Scrolls
 k - a scroll of identify
Potions
 d - 2 potions of curing
 f - a potion of cancellation {unknown}
 i - a potion of degeneration {unknown}
 l - a potion of agility {unknown}
 m - a potion of resistance {unknown}
 o - a potion of poison {unknown}
Comestibles
 n - a slice of pizza


   Skills:
 - Level 3.0 Fighting
 + Level 5.3 Axes
 - Level 1.7 Armour
 - Level 1.7 Dodging


You had 4 spell levels left.
You didn't know any spells.

Dungeon Overview and Level Annotations

Branches:
Dungeon (5/15)
 Temple: D:4-7

Altars:
Ashenzari
Cheibriados


Innate Abilities, Weirdness & Mutations

You have sharp fingernails.
You are partially covered in yellow scales (AC +2).
You sometimes gain a little power by taking damage.


Message History

The phantom hits you.
* * * LOW HITPOINT WARNING * * *
Unknown command.
You closely miss the worker ant.
The worker ant is heavily wounded.
You completely miss the phantom.
The phantom is lightly damaged.
The worker ant bites you.
* * * LOW HITPOINT WARNING * * *
Unknown command.
You slash the worker ant!
You kill the worker ant!
Trog accepts your kill.
You have reached level 5!
Your demonic ancestry asserts itself...
You feel energised by your suffering.
You hit the phantom.
The phantom is moderately damaged.
The phantom hits you.
You die...

#..#..... ..........
..#.....
.$.......######.######
..............>......
....................
#...................
#...#########.#.....
..###...# #=#.....
......†@#########.#.....
........W.........#.....
.....>..###..._.###.....
........# #.....#.......
...(....# #.....#.###...
#####.... #.....#. #.##
##### #.....# #.#
#.....# #.. ......# #.


You could see a phantom.

Vanquished Creatures
  A centaur zombie (D:5)
  Ijyb (D:3)
  A hound (D:5)
  A worker ant (D:5)
  2 adders
  An ooze (D:4)
  A worm (D:2)
  A giant gecko (D:2)
  A giant cockroach (D:2)
  2 goblins
  A hobgoblin (D:1)
  2 bats (D:2)
  4 jackals (D:3)
19 creatures vanquished.

Notes
Turn   | Place    | Note
--------------------------------------------------------------
     0 | D:1      | brucemayne the Demonspawn Berserker began the quest for the Orb.
     0 | D:1      | Reached XP level 1. HP: 18/18 MP: 1/1
   166 | D:2      | Gained mutation: You have sharp fingernails. [demonic ancestry]
   166 | D:2      | Reached XP level 2. HP: 6/24 MP: 2/2
   436 | D:3      | Noticed Ijyb
   442 | D:3      | Killed Ijyb
   442 | D:3      | Reached skill level 4 in Axes
   442 | D:3      | Gained mutation: You are partially covered in yellow scales (AC +2). [demonic ancestry]
   442 | D:3      | Reached XP level 3. HP: 7/29 MP: 3/3
   520 | D:3      | Noticed a moth of wrath
   616 | D:4      | Reached XP level 4. HP: 21/35 MP: 4/4
   621 | D:5      | Entered Level 5 of the Dungeon
   678 | D:5      | Found a shattered altar of Ashenzari.
   684 | D:5      | Reached skill level 5 in Axes
   734 | D:5      | Noticed a phantom
   751 | D:5      | Found a snail-covered altar of Cheibriados.
   768 | D:5      | Gained mutation: You sometimes gain a little power by taking damage. [demonic ancestry]
   768 | D:5      | Reached XP level 5. HP: 5/41 MP: 5/5
   768 | D:5      | Slain by a phantom

Vault maps used:
D:1:      lemuel_arrival_muddy
D:2:      serial_forest, infiniplex_forest_lined_4_way,
          infiniplex_forest_clump_curved, infiniplex_forest_corner_1,
          infiniplex_forest_lined_room_2, infiniplex_forest_clump_large,
          infiniplex_forest_join, infiniplex_forest_clump_curved,
          infiniplex_forest_lined_3, first_bread
D:3:      tgw_trog, uniq_iyjb
D:4:      kennysheep_mini_moat
D:5:      cheibrodos_ashenzari_chains, cheibriados_altar_1,
          minmay_temple_entry_hall

Action                   |  1- 3 |  4- 6 || total
-------------------------+-------+-------++-------
Melee: Hand axe          |    53 |    16 ||    69
Invok: Berserk           |     5 |     2 ||     7
  Use: Scroll            |     4 |     3 ||     7
  Eat: Chunk             |     4 |       ||     4
       Bread ration      |       |     1 ||     1
